 Dungeon Crawl Stone Soup version 0.29-a0-284-gf9362112df (webtiles) character file.

Game seed: 385654355741524700

21 spaghetti the Sneak (level 2, -10/22 HPs)
             Began as a Deep Dwarf Enchanter on Mar 22, 2022.
             Was an Initiate of Ru.
             Killed by nerve-wracking pain
             ... invoked by Grinder
              (12 damage)
             ... while paralysed by Grinder
             ... on level 3 of the Dungeon.
             The game lasted 00:01:48 (438 turns).

spaghetti the Sneak (Deep Dwarf Enchanter)           Turns: 438, Time: 00:01:49

Health: -10/22     AC:  2    Str: 11    XL:     2   Next: 62%
Magic:  4/4        EV:  2    Int: 15    God:    Ru [......]
Gold:   0          SH:  0    Dex: 13    Spells: 4/4 levels left

rFire   . . .      SeeInvis .   a - +2 dagger (venom) {short}
rCold   . . .      Faith    .   (no shield)
rNeg    . . .      Spirit   .   b - +0 robe
rPois   .          Reflect  .   (no helmet)
rElec   .          Harm     .   (no cloak)
rCorr   .          Rampage  .   (no gloves)
Will    .....                   (no boots)
Stlth   +++.......              (no amulet)
HPRegen 0.00/turn               (no ring)
MPRegen 0.09/turn               (no ring)

@: paralysed
A: damage resistance, heal wounds, sense surroundings 1, no regeneration
a: Heal Wounds, Renounce Religion


You were on level 3 of the Dungeon.
You worshipped Ru.
Ru was noncommittal.
You visited 1 branch of the dungeon, and saw 4 of its levels.


Innate Abilities, Weirdness & Mutations

You are resistant to damage.
You can heal yourself by infusing magical energy.
You passively map a small area around you.
You do not regenerate.


   Skills:
 - Level 0.8 Short Blades
 - Level 2.1 Dodging
 + Level 5.0 Stealth
 - Level 1.7 Spellcasting
 - Level 2.4 Hexes


You had 4 spell levels left.
You didn't know any spells.
Your spell library contained the following spells:

 Spells                   Type           Power      Damage    Failure   Level
 Ensorcelled Hibernation  Hex/Ice        8%         N/A       22%         2
 Confusing Touch          Hex            8%         N/A       26%         3
 Tukima's Dance           Hex            8%         N/A       26%         3
 Dazzling Flash           Conj/Hex       8%         N/A       38%         3

Inventory:

Hand Weapons
 a - a +2 dagger of venom (weapon) {short}
Missiles
 g - 31 stones {throwing}
Armour
 b - a +0 robe (worn)
Potions
 c - 2 potions of invisibility

Dungeon Overview and Level Annotations

Branches:
Dungeon (4/15)
 Temple: D:4-7

Altars:
Ru

Annotations:
D:3 Grinder, Jessica

,** *,*,* *,....,*$.,,,..........
** *,*,* *,,...,.5,,,,..........
*****,,,* *,*#.##.,,,,,..[.......
,,,,*,,** #,##...,,,,,,..........
,,,,,,,.###.#...#*,,,,,,........<
,,,,**,.........##******,##..#...
,,,,**,.......$..# #####.##......
,,,,**,........#.###.....##......
,,,,,,,.....####@##..######.#.#..
,****,*####,** #5...#######.#.#..
,* **,* *,.######>..........##.
,***,,******...............######
,,,,,***,,,,.......>.......# *
,,,,,,,,,*,,..######.....<.# *
,,,,,,,,,,,**** #.......# *
,,,,,******* #.......# * ,,,,,*
#.......# ****


You could see Grinder.


Message History

The endoplasm attacks as you move away! The endoplasm hits you.
There is a stone staircase leading up here. 😮 HP[-2]
You take 2 damage, and now have 16/22 hp.
The endoplasm completely misses you.
You climb upwards.
Level annotation: Jessica
There is a stone staircase leading down here.
You completely miss the endoplasm. The endoplasm freezes you.
You are frozen.
You hit the endoplasm. The endoplasm freezes you.
You are frozen. 😮 HP[-1]
You take 1 damage, and now have 15/22 hp.
You hit the endoplasm.
You kill the endoplasm!
Your Stealth skill increases to level 5!
There is a stone staircase leading down here.
h - a silvery potion
There is a stone staircase leading down here.
Grinder comes into view.
Grinder shouts!
A jackal comes into view.
Grinder moves out of view.
Things that are here:
18 gold pieces; 24 stones {throwing}
As you read the scroll labelled QAECAN NAOF, it crumbles to dust.
It is a scroll of enchant weapon.
Your +1 dagger {short} glows red for a moment.
As you read the scroll labelled ICAOCU IVIUWOE, it crumbles to dust.
You feel aware of your surroundings.
You sensed 1 shop/portal.
It was a scroll of magic mapping.
As you read the scroll labelled KIL BUAHEUL, it crumbles to dust.
It is a scroll of brand weapon.
Your +2 dagger {short} drips with poison.
a - a +2 dagger of venom (weapon)
{short} Grinder says, "Mostly I couldn't keep them alive."
Grinder gestures at you. Pain shoots through your body!
Ouch! That really hurt!
* * * LOW HITPOINT WARNING * * *
😱 HP[-11]
You take 11 damage, and now have 4/22 hp.
MASSIVE DAMAGE!! (PAUSE)
You feel much better. 😎 HP[+18]
Your hp is fully restored (22).
You closely miss the jackal. The jackal misses you.
The jackal barely misses you.
You hit the jackal.
You kill the jackal!
Grinder says, "Don't move a muscle."
It was a potion of lignification.
You turn into a tree.
Your +0 robe melds into your body.
Your roots penetrate the ground.
Grinder hits you but does no damage. 😎 HP[+11]
You now have 33 max hp (+11).
Your hp is fully restored (33).
You hit Grinder.
Grinder is poisoned.
Grinder blinks!
Unknown command.
You aren't carrying any items that you can evoke.
Unknown command.
Grinder blinks!
You start waiting.
Your transformation is almost over.
Grinder is nearby!
You closely miss Grinder.
Grinder looks more healthy.
Grinder blinks!
You start waiting.
Grinder is nearby!
Unknown command.
You cannot move.
Grinder is nearby!
You feel less wooden.
Your +0 robe unmelds from your body. 😎 HP[-11]
You now have 22 max hp (-11).
You start waiting.
Grinder is nearby!
You closely miss Grinder. Grinder hits you but does no damage.
You hit Grinder. Grinder barely misses you.
You hit Grinder. Grinder hits you.
You writhe in agony. 😕 HP[-4]
You take 4 damage, and now have 18/22 hp.
You closely miss Grinder. Grinder hits you.
You writhe in agony. 😮 HP[-5]
You take 5 damage, and now have 13/22 hp.
MASSIVE DAMAGE!! (PAUSE)
You closely miss Grinder. Grinder gestures at you.
You suddenly lose the ability to move!
Grinder blinks!
Grinder hits you!
* * * LOW HITPOINT WARNING * * *
Grinder hits you.
You writhe in agony.
* * * LOW HITPOINT WARNING * * *
Grinder gestures at you. Pain shoots through your body!
Ouch! That really hurt!
You die...

Skill      XL: |  1  2 |
---------------+-------+-----
Stealth        | 4 5 |  5.0
Short Blades   | |  0.8
Dodging        | |  2.1
Spellcasting   | |  1.7
Hexes          | |  2.4

Action                   || total
-------------------------++-------
Melee: Dagger            ||    37
 Abil: Heal Wounds       ||     1
  Use: Scroll            ||     3
       Potion            ||     1
 Stab: Sleeping          ||     3
Armor: Robe              ||     6
       Skin              ||     1
Dodge: Dodged            ||    27

Levels and vault maps discovered:
D:1:      minmay_arrival_floating_metal, layout_loops_ring
D:2:      layout_rooms, uniq_crazy_yiuf_cottage
D:3:      layout_rooms, serial_shops, shop, nicolae_shop_advertising_works
          [nicolae_subvault_shop_adworks], uniq_grinder, uniq_jessica
D:4:      layout_cave_pods, mainiacjoe_overflow_concentric_impassable

Notes
Turn   | Place    | Note
-------+----------+-------------------------------------------
     0 | D:1      | spaghetti the Deep Dwarf Enchanter began the quest for the
                  | Orb.
     0 | D:1      | Reached XP level 1. HP: 15/15 MP: 3/3
     0 | D:1      | magus.rc [v1.9.6]
    73 | D:1      | Reached skill level 4 in Stealth
   143 | D:2      | Reached XP level 2. HP: 20/22 MP: 4/4
   145 | D:3      | Noticed Jessica
   282 | D:4      | Found a sacrificial altar of Ru.
   307 | D:4      | Became a worshipper of Ru the Awakened
   374 | D:3      | Reached skill level 5 in Stealth
   396 | D:3      | Noticed Grinder
   399 | D:3      | HP: 4/22 [Grinder/nerve-wracking pain (11)]
   434 | D:3      | Paralysed by Grinder for 4 turns
   436 | D:3      | HP: 5/22 [Grinder (8)]
   437 | D:3      | HP: 2/22 [Grinder (3)]
   438 | D:3      | Killed from afar by Grinder

Vanquished Creatures
  An adder (D:2)
  3 endoplasms
  A goblin (D:1)
  A hobgoblin (D:4)
  A jackal (D:3)
  2 ball pythons (D:1)
  A kobold (D:4)
  A rat (D:1)
11 creatures vanquished.

Table legend:
 A = Non-vault XP
 B = Vault XP
 C = Vault XP percentage of total XP
 D = Non-vault monster count
 E = Vault monster count
 F = Vault count percentage of total count
                 A         B        C        D         E       F
            +---------+---------+-------+---------+---------+-------
      Total |      30 |       0 |   0.0 |      11 |       0 |   0.0
            +---------+---------+-------+---------+---------+-------
        D:1 |       6 |       0 |   0.0 |       4 |       0 |   0.0
        D:2 |      13 |       0 |   0.0 |       1 |       0 |   0.0
        D:3 |       6 |       0 |   0.0 |       3 |       0 |   0.0
        D:4 |       5 |       0 |   0.0 |       3 |       0 |   0.0
            +---------+---------+-------+---------+---------+-------

Illustrated notes

Table legend:
 A = Kills in this place as a percentage of kills in entire the game.
 B = Kills by you in this place as a percentage of kills by you in the entire game.
 C = Kills by friends in this place as a percentage of kills by friends in the entire game.
 D = Other kills in this place as a percentage of other kills in the entire game.
 E = Experience gained in this place as a percentage of experience gained in the entire game.
 F = Experience gained in this place divided by the number of levels of this place that you have seen.
                   A       B       C       D       E      F
               +-------+-------+-------+-------+-------+----------------------
         Total | 100.0 | 100.0 |   N/A |   N/A | 100.0 |   7.5
       Dungeon | 100.0 | 100.0 |   N/A |   N/A | 100.0 |   7.5
               +-------+-------+-------+-------+-------+----------------------

Table legend: (Time is in decaauts)
 A = Elapsed time spent in this place.
 B = Non-inter-level travel time spent in this place.
 C = Inter-level travel time spent in this place.
 D = Time resting spent in this place.
 E = Time spent auto-exploring this place.
 F = Levels seen in this place.
 G = Mean time per level.
                   A        B        C        D        E       F      G
               +--------+--------+--------+--------+--------+-----+--------+
         Total |    442 |    442 |      0 |    115 |    131 |   4 |  110.5 |
       Dungeon |    442 |    442 |      0 |    115 |    131 |   4 |  110.5 |
               +--------+--------+--------+--------+--------+-----+--------+

Top non-repeatable levels by time:
     D:3: 198 daAuts
     D:1: 118 daAuts
     D:4: 99 daAuts
     D:2: 26 daAuts
